AoeStats
← mathewmelo2215

Black Forest

510222868Analyzed
2v2 RM · 10h ago on Sep 30, 2026· 37m 49s· 4 players
Game mode
Random Map
Map size
Medium (4 player)
Population
200
Speed
Normal
Resources
Standard
Victory
Conquest
Starting age
Dark Age
Ending age
Imperial Age
RankedLock teamsTeams togetherTeam positionsShared explorationLock speedFull tech treeHidden civsTurbo modeCheats
Victory
Defeat
🇨🇦 Goths · Canada
439
+16
🇨🇦 Maya · Canada
423
+16
🇨🇴 Mongols · Colombia
486
-18
376
-14
Un HC en depresión
0:45 Loom
11:45 Wheelbarrow
13:57 Feudal Age
13:12 Double-Bit Axe
15:24 Hand Cart
15:55 Bow Saw
20:07 Gold Mining
20:11 Stone Mining
22:54 Fishing Lines
23:29 Gillnets
29:17 Castle Age
27:39 Arson
28:41 Gold Shaft Mining
28:45 Stone Shaft Mining
33:29 Two-Man Saw
33:12 Cavalier
33:53 Husbandry
33:13 Light Cavalry
36:43 Burgundian Vineyards
39:31 Imperial Age
victorthebest12
0:40 Loom
15:29 Feudal Age
15:58 Feudal Age
16:31 Fishing Lines
21:18 Wheelbarrow
22:50 Gold Mining
22:51 Stone Mining
24:30 Man-at-Arms
26:09 Forging
25:49 Fletching
28:32 Scale Mail Armor
28:24 Fletching
28:35 Padded Archer Armor
DonHisHead
13:17 Feudal Age
13:47 Double-Bit Axe
14:46 Horse Collar
15:10 Gold Mining
20:09 Wheelbarrow
27:37 Castle Age
27:10 Stone Mining
29:38 Hand Cart
29:11 Loom
34:44 Hul'che Javelineers
34:09 Pikeman
34:18 Eagle Warrior
36:23 Bow Saw
37:31 Elite Skirmisher
mathewmelo2215
11:41 Feudal Age
12:07 Double-Bit Axe
13:00 Wheelbarrow
12:32 Man-at-Arms
15:46 Scale Mail Armor
24:50 Castle Age
25:08 Forging
25:55 Chain Mail Armor
25:14 Long Swordsman
29:46 Squires
Connection lost

Rejoining the realm…

Still unreachable

The connection could not be restored.

Session expired

The server has moved on; the page needs a fresh start.